 Dungeon Crawl Stone Soup version 0.30.0-29-ga12c61a403 (webtiles) character file.

Game seed: 15147017221230776592

49 BONEBRO the Caller (level 3, 0/24 HPs)
             Began as a Merfolk Summoner on June 25, 2023.
             Succumbed to an adder's poison
             ... on level 2 of the Dungeon.
             The game lasted 00:04:25 (1414 turns).

BONEBRO the Caller (Merfolk Summoner)               Turns: 1414, Time: 00:04:25

Health: 0/24       AC:  3    Str:  9 (10) XL:     3   Next: 75%
Magic:  4/6        EV: 12    Int: 13 (14) God:
Gold:   53         SH:  0    Dex: 12 (14) Spells: 5/6 levels left

rFire   . . .        e - +1 dagger (venom)
rCold   . . .        (no shield)
rNeg    . . .        a - +0 robe
rPois   .            m - +0 helmet
rElec   .            (no cloak)
rCorr   .            (no gloves)
SInv    .            (no boots)
Will    .....        (no amulet)
Stlth   ++           (no ring)
HPRegen 0.24/turn    (no ring)
MPRegen 0.10/turn

%: no passive effects
@: mighty, lethally poisoned (0 -> -2), very slightly contaminated, hasted, very
quick
A: (nimble swimmer 2), mertail
a: no special abilities


You were on level 2 of the Dungeon.
You visited 1 branch of the dungeon, and saw 2 of its levels.

You collected 53 gold pieces.

Inventory:

Hand Weapons
 d - a +0 whip
 e - a +1 dagger of venom (weapon)
Missiles
 i - 4 javelins
Armour
 a - a +0 robe (worn)
 c - a +0 leather armour
 m - a +0 helmet (worn)
Jewellery
 n - a ring of see invisible
Wands
 j - a wand of charming (6)
Scrolls
 f - a scroll of teleportation {unknown}
Potions
 b - a potion of magic
 l - a potion of cancellation {unknown}


   Skills:
 + Level 3.6 Polearms
 - Level 2.7 Dodging
 - Level 2.2 Stealth
 - Level 2.0 Spellcasting
 - Level 4.3 Summonings


You had 5 spell levels left.
You knew the following spells:

 Your Spells              Type           Power      Damage    Failure   Level
a - Summon Small Mammal   Summ           48%        N/A       4%          1

Your spell library contained the following spells:

 Spells                   Type           Power      Damage    Failure   Level
 Call Imp                 Summ           24%        N/A       6%          2
 Call Canine Familiar     Summ           12%        N/A       13%         3
 Summon Guardian Golem    Hex/Summ       6%         N/A       30%         3
 Summon Lightning Spire   Summ/Air       6%         N/A       71%         4


Dungeon Overview and Level Annotations

Branches:
Dungeon (2/15)

Altars:


Innate Abilities, Weirdness & Mutations

((You are very nimble when in or above water. (Stealth+, EV+, Speed+++)))
Your lower body shifts to a powerful aquatic tail in water.


Message History

You feel sick. The adder bites your rat.
Your rat dies!
Your rat's corpse disappears in a puff of smoke!
Your rat barely misses the adder.
You miscast Summon Small Mammal.
You are very lightly contaminated with residual magic.
Nothing appears to happen.
You feel sick. The adder closely misses you. The endoplasm freezes you.
You are frozen.
Your rat misses the adder. You hit the endoplasm but do no damage.
You feel sick. The adder bites you.
You are more poisoned.
The adder poisons you! The endoplasm misses you.
Your rat misses the adder. You miss the adder.
The adder is almost dead.
You feel sick. The adder bites you. The endoplasm freezes you.
You are frozen.
* * * LOW HITPOINT WARNING * * *
Your rat completely misses the adder.
You completely miss the adder.
The adder is almost dead.
* * * LOW HITPOINT WARNING * * *
You feel sick.
You kill the adder!
The endoplasm misses you.
Your rat bites the endoplasm but does no damage.
It was a potion of might.
You feel very mighty all of a sudden.
* * * LOW HITPOINT WARNING * * *
You feel sick. The endoplasm hits your rat.
Your rat dies!
Your rat's corpse disappears in a puff of smoke!
It was a potion of degeneration.
There was something very wrong with that liquid.
You feel weakened.
You feel dopey.
You feel clumsy.
* * * LOW HITPOINT WARNING * * *
You feel sick.
The endoplasm hits you but does no damage.
It was a potion of haste.
You feel yourself speed up.
You die...

#.........# ##...##
#.#..##.# ##.#.######
##'## #.##.##.#
#..<.. #######.#
#.##.##.# ## #.
#......)# #.##.##.#
#.......## #.......#
#........## ####.####
...........# #.#
##........## #.#
#......@.# #.#
#......†J# ........#
#.##.........########
#. ####..##### #..#
...# ##.## #.# ..


You could see an endoplasm.

Vanquished Creatures
  2 adders (D:2)
  A worm (D:2)
  A dart slug (D:1)
  A ball python (D:1)
  A giant cockroach (D:1)
  A goblin (D:1)
  7 kobolds
  2 bats (D:1)
  A frilled lizard (D:2)
  3 rats
20 creatures vanquished.

Vanquished Creatures (collateral kills)
  3 hobgoblins
  A kobold (D:2)
  A ball python (D:1)
5 creatures vanquished.

Grand Total: 25 creatures vanquished

Notes
Turn   | Place    | Note
-------+----------+-------------------------------------------
     0 | D:1      | BONEBRO the Merfolk Summoner began the quest for the Orb.
     0 | D:1      | Reached XP level 1. HP: 13/13 MP: 3/3
   238 | D:1      | Reached XP level 2. HP: 19/19 MP: 3/5
   308 | D:1      | Reached skill level 1 in Polearms
  1150 | D:2      | Reached XP level 3. HP: 24/24 MP: 3/6
  1413 | D:2      | HP: 1/24 [poisoned by an adder]
  1414 | D:2      | Succumbed to an adder's poison

Illustrated notes

Levels and vault maps discovered:
D:1:      psy_arrival_statuary, layout_basic
D:2:      layout_loops_corners, st_stairs_13

Skill      XL: |  1  2  3 |
---------------+----------+-----
Polearms       | 2 3 |  3.6
Dodging        | |  2.7
Stealth        | |  2.2
Spellcasting   | |  2.0
Summonings     | |  4.3

Action                     || total
---------------------------++-------
  Melee: Whip              ||     7
         Unarmed           ||     6
         Dagger            ||    49
   Cast: Summon Small Mamm ||    25
    Use: Potion            ||     3
   Stab: Sleeping          ||     3
 Armour: Robe              ||     6
  Dodge: Dodged            ||    45
